 Dungeon Crawl Stone Soup version 0.21.1-1-g345015f (webtiles) character file.

179 nicolaieve the Chopper (level 5, -2/47 HPs)
             Began as a Minotaur Berserker on July 13, 2018.
             Was a Believer of Trog.
             Slain by an orc warrior
             ... wielding a +0 trident
              (10 damage)
             ... on level 4 of the Dungeon.
             The game lasted 00:06:38 (1639 turns).

nicolaieve the Chopper (Minotaur Berserker)         Turns: 1639, Time: 00:06:39

Health: -2/47      AC:  9    Str: 23    XL:     5   Next: 33%
Magic:  4/4        EV:  8    Int:  4    God:    Trog [**....]
Gold:   104        SH:  0    Dex:  9    Spells: 4/4 levels left

rFire    . . .     SeeInvis .   a - +0 hand axe
rCold    . . .     Gourm    .   (no shield)
rNeg     . . .     Faith    .   p - +0 chain mail (curse)
rPois    .         Spirit   .   (helmet restricted)
rElec    .         Reflect  .   (no cloak)
rCorr    .         Harm     .   (no gloves)
MR       ++...                  (no boots)
Stlth    ..........             (no amulet)
HPRegen  1.15/turn              (no ring)
MPRegen  0.09/turn              (no ring)

@: berserk cooldown, regenerating, slowed, very slow
A: retaliatory headbutt, horns 2
a: Berserk, Trog's Hand, Burn Spellbooks, Renounce Religion


You were on level 4 of the Dungeon.
You worshipped Trog.
Trog was pleased with you.
You were very hungry.

You visited 1 branch of the dungeon, and saw 4 of its levels.

You collected 104 gold pieces.

Inventory:

Hand Weapons
 a - a +0 hand axe (weapon)
Armour
 p - a cursed +0 chain mail (worn)
Scrolls
 e - 2 scrolls of identify {unknown}
 g - a scroll of blinking {unknown}
 i - a scroll of immolation {unknown}
 j - a scroll of remove curse {unknown}
 n - 2 scrolls of teleportation {unknown}
Potions
 d - a potion of berserk rage {unknown}
 f - a potion of lignification {unknown}
 h - a potion of haste {unknown}
 k - 3 potions of curing {unknown}
 o - a potion of flight {unknown}
Comestibles
 c - 7 rations
 l - 3 chunks of flesh


   Skills:
 + Level 4.8 Fighting
 * Level 6.3 Axes
 + Level 3.0 Armour
 - Level 2.1 Dodging


You had 4 spell levels left.
You didn't know any spells.

Dungeon Overview and Level Annotations

Branches:
Dungeon (4/15)
 Temple: D:4-7

Altars:
Hepliaklqana


Innate Abilities, Weirdness & Mutations

You reflexively headbutt those who attack you in melee.
You have a pair of horns on your head.


Message History

Trog accepts your kill.
Your Armour skill increases to level 3!
You hit the orc priest.
Unknown command.
You slash the orc priest!
You kill the orc priest!
Trog accepts your kill.
You see here a flail of protection.
You feel a strong urge to attack something.
You now have 99 gold pieces (gained 13).
You now have 104 gold pieces (gained 5).
You feel your anger nearly subside.
You are no longer berserk.
You are exhausted.
You feel yourself slow down.
Some of the chunks of flesh in your inventory have rotted away.
Your skin crawls.
You feel resistant to hostile enchantments.
You feel quite a bit more hungry.
The orc warrior hits you from afar with a trident!
You die...

#..#########.#
#####..#.........#
.........#########
######..# #.# #..#
# ###.. #[.# #.
..(####o.#
#.##8..##..#
#.(@#.##..#
##....o)#..#
#......)...#
#..###.)#..# #..#
##.#..# ...#
###..# #.## #..#
.. ..## ###


You could see an orc warrior.

Vanquished Creatures
  An orc priest (D:4)
  An orc wizard (D:4)
  5 adders
  2 worms
  2 dart slugs
  3 leopard geckos (D:3)
  5 orcs
  7 bats
  5 giant cockroaches
  4 goblins
  6 hobgoblins
  3 jackals (D:1)
  9 kobolds
  A frilled lizard (D:2)
  4 rats
58 creatures vanquished.

Notes
Turn   | Place    | Note
-------+----------+-------------------------------------------
     0 | D:1      | nicolaieve the Minotaur Berserker began the quest for the Orb.
     0 | D:1      | Reached XP level 1. HP: 19/19 MP: 0/0
   199 | D:1      | Reached skill level 4 in Axes
   243 | D:1      | Reached XP level 2. HP: 26/27 MP: 1/1
   799 | D:2      | Found a hazy altar of Hepliaklqana.
   811 | D:2      | Reached XP level 3. HP: 26/33 MP: 2/2
   973 | D:2      | Reached ** piety under Trog
  1029 | D:2      | Reached skill level 5 in Axes
  1167 | D:3      | Reached XP level 4. HP: 37/41 MP: 3/3
  1628 | D:4      | Noticed an orc warrior
  1630 | D:4      | Reached skill level 6 in Axes
  1630 | D:4      | Reached XP level 5. HP: 6/47 MP: 4/4
  1639 | D:4      | Slain by an orc warrior

Skill      XL: |  1  2  3  4  5 |
---------------+----------------+-----
Axes           | 4 5 6 |  6.3
Fighting       | 4 |  4.8
Armour         | 3 |  3.0
Dodging        | |  2.1

Action                   |  1- 3 |  4- 6 || total
-------------------------+-------+-------++-------
Melee: Hand axe          |    65 |    64 ||   129
       Headbutt          |    11 |     8 ||    19
Invok: Berserk           |       |     1 ||     1
       Trog's Hand       |       |     1 ||     1
 Stab: Sleeping          |     1 |       ||     1
  Eat: Chunk             |     1 |     1 ||     2
Armor: Animal skin       |     9 |       ||     9
       Scale mail        |    11 |    33 ||    44
       Chain mail        |       |     7 ||     7
Dodge: Dodged            |    55 |    33 ||    88
